 Dungeon Crawl Stone Soup version 0.31-a0-986-g5e6e4ef867 (webtiles) character file.

Game seed: 9308384611930666244

3469 IdlyInterested the Mimic (level 9, 0/61 (65) HPs)
             Began as a Demonspawn Shapeshifter on Nov 16, 2023.
             Slain by a wight
             ... wielding a +3 spear of freezing
              (8 damage)
             ... on level 7 of the Dungeon.
             The game lasted 00:24:58 (6668 turns).

IdlyInterested the Mimic (Demonspawn Shapeshifter)  Turns: 6668, Time: 00:24:58

HP:   0/61 (65)     AC:  8    Str: 15    XL:     9   Next: 79%
MP:   8/8           EV:  9    Int: 11    God:
Gold: 84            SH:  0    Dex: 21    Spells: 8/8 levels left

rFire   . .          .
                       - Unarmed
rCold   . . .        (shield currently unavailable)
rNeg    . . .        a - +0 chain mail
rPois   .            (helmet unavailable)
rElec   .            v - +1 cloak {Stlth+}
rCorr   .            m - melded +0 pair of gloves {Stlth+}
SInv    .            (no boots)
Will    .....        (no amulet)
Stlth   +            l - +4 ring of protection
HPRegen 0.30/turn    (no ring)
MPRegen 0.11/turn

%: no passive effects
@: blade hands, drained
A: horns 3, slimy green scales 1, powered by pain 1, talons 1, thin skeletal
structure 1, agile 1, low MP 1
a: Begin Untransformation


You were on level 7 of the Dungeon.
You had blades for hands.
You visited 2 branches of the dungeon, and saw 8 of its levels.
You also visited: Ossuary.

You collected 434 gold pieces.
You spent 350 gold pieces at shops.

Inventory:

Hand Weapons
 d - a +2 dagger of speed
 f - a +0 dagger
 j - a +2 dagger of venom
 x - a +0 rapier
 z - a +0 short sword of draining
Missiles
 g - 67 stones (quivered)
 s - 7 poisoned darts
 t - 8 boomerangs
 F - 4 atropa-tipped darts
Armour
 a - a +0 chain mail (worn)
 m - a +0 pair of gloves of stealth (melded)
 v - a +1 cloak of stealth (worn)
Magical Staves
 i - a staff of death
Jewellery
 l - a +4 ring of protection (left blade hand)
Talismans
 c - a beast talisman
 C - the flux talisman of the Bruised Knaves {rPois rF++ Int-4 SInv}
   (You found it on level 5 of the Dungeon)

   [flux talisman]

   Int-4:     It affects your intelligence (-4).
   rF++:      It greatly protects you from fire.
   rPois:     It protects you from poison SInv: It lets you see invisible.
 D - a blade talisman (active)
Wands
 h - a wand of flame (47)
 u - a wand of polymorph (10)
 w - a wand of iceblast (14)
Scrolls
 n - 3 scrolls of poison
 p - a scroll of fog
 y - 2 scrolls of vulnerability
 A - 2 scrolls of enchant weapon
 B - a scroll of teleportation
 E - a scroll of revelation {unknown}
 G - a scroll of fear
 K - a scroll of brand weapon
 L - a scroll of enchant armour
 N - a scroll of immolation
 O - a scroll of torment {unknown}
Potions
 b - a potion of lignification
 e - a potion of cancellation
 k - 2 potions of brilliance
 o - a potion of mutation
 q - 3 potions of invisibility
 r - 2 potions of enlightenment
 I - a potion of haste {unknown}
 J - a potion of curing
 M - a potion of heal wounds


   Skills:
 - Level 4.0 Fighting
 - Level 1.0 Throwing
 - Level 1.0 Armour
 - Level 4.0 Dodging
 + Level 1.0 Stealth
 - Level 1.0 Shields
 - Level 4.0 Unarmed Combat
 - Level 2.0 Evocations
 * Level 10.4 Shapeshifting


You had 8 spell levels left.
You didn't know any spells.
Your spell library contained the following spells:

 Spells                   Type           Power      Damage    Failure   Level
 Sandblast                Erth           0%         2d4       99%         1
 Shock                    Conj/Air       0%         1d3       99%         1
 Passwall                 Tmut/Erth      0%         N/A       100%        2
 Dazzling Flash           Conj/Hex       0%         N/A       100%        3
 Stone Arrow              Conj/Erth      0%         3d7       100%        3
 Swiftness                Air            0%         N/A       100%        3
 Volatile Blastmotes      Fire/Tloc      0%         2d10      100%        3
 Airstrike                Air            0%         2d(0-16)  100%        4
 Brom's Barrelling Bould  Conj/Erth      0%         2d3       100%        4
 Starburst                Conj/Fire      0%         6d3       100%        6
 Maxwell's Capacitive Co  Air            0%         ∞         100%        8


Dungeon Overview and Level Annotations

Branches:
Dungeon (7/15)             Temple (1/1) D:5         Ossuary (visited)

Altars:
Cheibriados
Dithmenos
Fedhas
Gozag
Hepliaklqana
Kikubaaqudgha
Makhleb
Nemelex Xobeh
Okawaru
Qazlal
Ru
Sif Muna
Trog
Uskayaw
Vehumet
Wu Jian
Xom
Yredelemnul

Shops:
D:4 [   D:6 ?


Innate Abilities, Weirdness & Mutations

You have blades for hands.
You are incapable of wielding weapons or throwing items.
You have a pair of large horns on your head.
You are partially covered in slimy green scales. (AC +2)
You sometimes gain a little power by taking damage.
You have sharp toenails.
You have a somewhat thin skeletal structure. (Dex +2, Stealth+)
You are agile. (Dex +4, Str/Int -1)
Your magical capacity is low. (-10% MP)


Message History

You feel invigorated. The ufetubus hits you.
* * * LOW HITPOINT WARNING * * *
The ufetubus hits you.
* * * LOW HITPOINT WARNING * * *
The ufetubus hits you but does no damage.
The ufetubus closely misses you. The ufetubus hits you.
* * * LOW HITPOINT WARNING * * *
The ufetubus hits you but does no damage. x2
The ufetubus closely misses you.
You slash the ufetubus!
You kill the ufetubus!
The ufetubus hits you but does no damage.
The ufetubus barely misses you.
A wight comes into view. It is wielding a +3 dagger.
A wight comes into view. It is wielding a +3 spear of freezing.
The wight barely misses you.
The ufetubus hits you but does no damage. x2
The ufetubus barely misses you.
The ufetubus hits you but does no damage.
The wight attacks as it pursues you! The wight barely misses you.
The ufetubus barely misses you. The ufetubus closely misses you.
You bump into the rock wall.
The ufetubus closely misses you. The ufetubus hits you.
The wight hits you from afar with a +0 spear!
* * * LOW HITPOINT WARNING * * *
You feel drained.
* * * LOW HITPOINT WARNING * * *
You slash the ufetubus!
You kill the ufetubus!
The wight hits you but does no damage.
You bump into the rock wall.
You feel less invigorated.
You feel less confused.
The wight hits you from afar with a +0 spear.
* * * LOW HITPOINT WARNING * * *
You feel drained.
A wight comes into view. It is wielding a +0 dire flail.
The wight hits you from afar with a +0 spear.
* * * LOW HITPOINT WARNING * * *
The wight hits you from afar with a +3 spear of freezing!
You die...

#.............
#....z........
#...........#
#...........#
#...........#
#.(...).....#
#...zzz....#
##.........#
##.<..@...#
######...>.#
.##### ##


You could see 4 wights.

Vanquished Creatures
  Joseph (D:7)
  The ghost of MrSquiggles the Chopper, a novice DsWn (D:5)
  Grinder (D:3)
  Prince Ribbit (D:5)
  Sigmund (D:6)
  A steam dragon (D:6)
  Edmund (D:5)
  A water moccasin (D:6)
  Duvessa (D:4)
  An ice beast (D:5)
  An ogre (D:6)
  2 phantoms
  2 centaurs
  A kobold brigand (D:6)
  Blork the orc (D:6)
  2 scorpions (D:5)
  2 water moccasin zombies (Ossuary)
  2 electric eels (D:4)
  A howler monkey (D:4)
  5 jellies
  5 hounds
  Crazy Yiuf (D:3)
  7 orc wizards
  3 iguanas
  2 mummies (Ossuary)
  Robin (D:4)
  6 gnolls
  3 adders
  A shadow imp (D:5)
  2 ufetubi (D:7)
  2 adder zombies (Ossuary)
  2 worms
  3 dart slugs (D:2)
  25 orcs
  6 endoplasms
  4 giant cockroaches
  14 goblins
  7 hobgoblins
  19 kobolds
  A quokka (D:2)
  12 ball pythons
  3 bats
  3 frilled lizards
  3 gnoll zombies (Ossuary)
  3 hobgoblin zombies (Ossuary)
  6 kobold zombies (Ossuary)
  5 orc zombies (Ossuary)
  7 rats
185 creatures vanquished.

Vanquished Creatures (others)
  An orc warrior (D:6)
1 creature vanquished.

Grand Total: 186 creatures vanquished

Notes
Turn   | Place    | Note
-------+----------+-------------------------------------------
     0 | D:1      | IdlyInterested the Demonspawn Shapeshifter began the quest
                  | for the Orb.
     0 | D:1      | Reached XP level 1. HP: 15/15 MP: 1/1
   760 | D:2      | Reached skill level 3 in Shapeshifting
   760 | D:2      | Gained mutation: You have a pair of small horns on your
                  | head. [demonic ancestry]
   760 | D:2      | Reached XP level 2. HP: 19/21 MP: 2/2
  1005 | D:2      | Gained mutation: You have a pair of horns on your head.
                  | [demonic ancestry]
  1005 | D:2      | Reached XP level 3. HP: 26/26 MP: 3/3
  1406 | D:3      | Reached skill level 1 in Armour
  1422 | D:3      | HP: 1/26 [something/magic dart (7)]
  1424 | D:3      | Reached skill level 1 in Stealth
  1424 | D:3      | Reached XP level 4. HP: 1/32 MP: 4/4
  1523 | D:3      | Reached skill level 4 in Shapeshifting
  1592 | D:3      | Gained mutation: You are partially covered in slimy green
                  | scales. (AC +2) [demonic ancestry]
  1592 | D:3      | Reached XP level 5. HP: 37/37 MP: 5/5
  1654 | D:3      | Noticed Grinder
  1685 | D:3      | Killed Grinder
  1686 | D:3      | Reached skill level 1 in Throwing
  1686 | D:3      | Reached skill level 5 in Shapeshifting
  1686 | D:3      | Reached XP level 6. HP: 28/43 MP: 6/6
  2127 | D:3      | Found a runed translucent door.
  2195 | D:3      | Noticed Crazy Yiuf
  2201 | D:3      | Killed Crazy Yiuf
  2330 | D:4      | Reached skill level 1 in Evocations
  2373 | D:4      | Noticed Duvessa
  2374 | D:4      | Noticed Dowan
  2388 | D:4      | Reached skill level 1 in Shields
  2403 | D:4      | Killed Duvessa
  2404 | D:4      | Reached skill level 6 in Shapeshifting
  2404 | D:4      | Reached XP level 7. HP: 35/48 MP: 7/7
  2404 | D:4      | Dowan changed into Dowan the howler monkey
  2404 | D:4      | Noticed Dowan
  2406 | D:4      | Killed Dowan the howler monkey
  2413 | D:4      | Identified the +0 leather armour of the Dwarven Hall {*Slow
                  | Int+4}
  2414 | D:4      | Found a sand-covered staircase.
  2466 | Ossuary  | Entered an ossuary
  2754 | D:4      | Gained mutation: You are agile. (Dex +4, Str/Int -1)
                  | [potion of mutation]
  2754 | D:4      | Gained mutation: Your magical capacity is low. (-10% MP)
                  | [potion of mutation]
  2754 | D:4      | Gained mutation: You have sharp toenails. [potion of
                  | mutation]
  2754 | D:4      | Gained mutation: You have a somewhat thin skeletal
                  | structure. (Dex +2, Stealth+) [potion of mutation]
  2779 | D:4      | Found Vili's Antique Armour Shop.
  2815 | D:4      | Noticed Robin
  2822 | D:4      | Killed Robin
  2823 | D:4      | Reached skill level 7 in Shapeshifting
  3385 | D:4      | Found a transporter.
  3392 | D:4      | Found a transporter.
  3676 | D:4      | Gained mutation: You sometimes gain a little power by
                  | taking damage. [demonic ancestry]
  3676 | D:4      | Reached XP level 8. HP: 23/56 MP: 7/7
  3880 | D:5      | Entered Level 5 of the Dungeon
  3888 | D:5      | Identified the flux talisman of the Bruised Knaves {rPois
                  | rF++ Int-4 SInv}
  4099 | D:5      | Noticed Prince Ribbit
  4125 | D:5      | Killed Prince Ribbit
  4320 | D:5      | Reached skill level 8 in Shapeshifting
  4550 | D:5      | Found a staircase to the Ecumenical Temple.
  4596 | Temple   | Entered the Ecumenical Temple
  4693 | D:5      | You fall into a shaft and drop 1 floor!
  4747 | D:5      | Noticed Edmund
  4769 | D:5      | Killed Edmund
  5018 | D:5      | Gained mutation: You have a pair of large horns on your
                  | head. [demonic ancestry]
  5018 | D:5      | Reached XP level 9. HP: 65/65 MP: 8/8
  5062 | D:5      | Found a large runed translucent door.
  5062 | D:5      | Found a large runed translucent door.
  5080 | D:5      | Noticed MrSquiggles's ghost (novice DsWn)
  5271 | D:5      | Killed MrSquiggles's ghost
  5272 | D:5      | Reached skill level 9 in Shapeshifting
  5554 | D:6      | Noticed Blork the orc
  5585 | D:6      | Killed Blork the orc
  6055 | D:6      | Noticed Sigmund
  6061 | D:6      | Killed Sigmund
  6149 | D:6      | Found Nuqec's Magic Scroll Shoppe.
  6159 | D:6      | Bought a scroll of brand weapon for 133 gold pieces
  6159 | D:6      | Bought a scroll of enchant armour for 105 gold pieces
  6159 | D:6      | Bought a scroll of identify for 28 gold pieces
  6159 | D:6      | Bought a scroll of identify for 28 gold pieces
  6159 | D:6      | Bought a scroll of immolation for 56 gold pieces
  6403 | D:6      | Reached skill level 10 in Shapeshifting
  6645 | D:7      | Noticed Joseph
  6658 | D:7      | Killed Joseph
  6659 | D:7      | HP: 3/65 [ufetubus (1)]
  6668 | D:7      | Slain by a wight

Illustrated notes

Levels and vault maps discovered:
D:1:      grunt_arrival_crossed_arrows, layout_loops_ring
D:2:      layout_rooms
D:3:      layout_rooms, minmay_shallow_snake_nest, uniq_crazy_yiuf_cottage,
          uniq_grinder
D:4:      gammafunk_steamed_eel, layout_basic, nicolae_ossuary_entry_monument,
          serial_shops, shop, dreamdust_wishing_well, uniq_duvessa, uniq_robin
D:5:      layout_loops_cross, minmay_temple_entry_slanted,
          ebering_ghost_disaster_area, uniq_prince_ribbit1, uniq_edmund
D:6:      cheibrodos_thug_alley, layout_basic, serial_shops,
          nicolae_lakefront_shop, uniq_blork_the_orc, uniq_sigmund
D:7:      layout_cave_pods, gammafunk_ghost_abyssal_escape, uniq_menkaure,
          uniq_joseph
Temple:   nicolae_temple_the_god_donut

Skill      XL: |  1  2  3  4  5  6  7  8  9 |
---------------+----------------------------+-----
Dodging        | 2 3 4 |  4.0
Shapeshifting  | 3 4 5 6 7 8 10 | 10.4
Unarmed Combat | 3 4 |  4.0
Armour         | 1 |  1.0
Stealth        | 1 |  1.0
Throwing       | 1 |  1.0
Evocations     | 1 2 |  2.0
Shields        | 1 |  1.0
Fighting       | 2 3 4 |  4.0

Action                     |  1- 3 |  4- 6 |  7- 9 || total
---------------------------+-------+-------+-------++-------
  Melee: Unarmed           |   111 |    96 |   391 ||   598
         Punch             |     3 |     2 |     7 ||    12
         Headbutt          |    12 |    17 |    96 ||   125
         Kick              |       |       |   106 ||   106
  Throw: Stone             |     1 |     4 |       ||     5
  Evoke: Wand              |       |       |     3 ||     3
    Use: Scroll            |     2 |     2 |     5 ||     9
         Potion            |     1 |     2 |     8 ||    11
   Stab: Sleeping          |       |       |     2 ||     2
 Armour: Animal skin       |     4 |       |       ||     4
         Chain mail        |    71 |    88 |   307 ||   466
         Skin              |       |       |    13 ||    13
  Dodge: Dodged            |    41 |    32 |   162 ||   235
   Form: Beast             |       |     2 |       ||     2
                           |       |     1 |       ||     1
         Flux              |       |       |     2 ||     2
         Blade             |       |       |     1 ||     1

Table legend: (Time is in decaauts)
 A = Elapsed time spent in this place.
 B = Non-inter-level travel time spent in this place.
 C = Inter-level travel time spent in this place.
 D = Time resting spent in this place.
 E = Time spent auto-exploring this place.
 F = Levels seen in this place.
 G = Mean time per level.
                   A        B        C        D        E       F      G
               +--------+--------+--------+--------+--------+-----+--------+
         Total |   6644 |   6179 |    465 |   1239 |   3131 |   9 |  738.2 |
       Dungeon |   6362 |   5897 |    465 |   1128 |   3131 |   7 |  908.9 |
        Temple |      1 |      1 |      0 |      0 |      0 |   1 |    1.0 |
       Ossuary |    280 |    280 |      0 |    111 |      0 |   1 |  280.0 |
               +--------+--------+--------+--------+--------+-----+--------+

Top non-repeatable levels by time:
     D:5: 1524 daAuts
     D:4: 1284 daAuts
     D:6: 1212 daAuts
     D:3: 979 daAuts
     D:1: 815 daAuts
     D:2: 524 daAuts
 Ossuary: 280 daAuts
     D:7: 22 daAuts
  Temple: 1 daAuts
